[Event "Kurnosov Memorial Rapid 2019"]
[Site "Chelyabinsk"]
[Date "2019.09.06"]
[Round "3.2"]
[White "Balashov, Yuri S"]
[Black "Bareev, Evgeny"]
[Result "0-1"]
[ECO "D10"]
[WhiteElo "2466"]
[BlackElo "2643"]
[Annotator "RC"]
[PlyCount "50"]
[EventDate "2019.09.06"]
[EventType "swiss"]
[EventCountry "RUS"]
[SourceTitle "playchess.com"]
[Source "ChessBase"]
[SourceQuality "1"]
[TimeControl "900+10"]

1. d4 d5 2. c4 c6 3. Nc3 Nf6 4. e3 Bf5 5. Qb3 Qb6 6. cxd5 Qxb3 7. axb3 Nxd5 8. Nxd5 cxd5 9. Bd2 Nc6 10. Bb5 Bd7 11. Ne2 e6 12. O-O Bd6 13. Nc3 Ke7 14. Na4 Nxd4 15. exd4 Bxb5 16. Rfe1 Bxa4 17. Rxa4 Rhc8 18. Bc3 b5 19. Ra6 b4 20. Bd2 Rc2 21. Bc1 Bc7 22. Rd1 Bb6 23. Kf1 Rac8 24. Bd2 Rxb2 25. Bxb4+ Kf6 0-1

[Event "Kurnosov Memorial Rapid 2019"]
[Site "Chelyabinsk"]
[Date "2019.09.06"]
[Round "3.4"]
[White "Vokarev, Sergey"]
[Black "Bocharov, Dmitry"]
[Result "0-1"]
[ECO "A04"]
[WhiteElo "2443"]
[BlackElo "2519"]
[Annotator "ChessBase"]
[PlyCount "80"]
[EventDate "2019.09.06"]
[EventType "swiss"]
[EventCountry "RUS"]
[SourceTitle "playchess.com"]
[Source "ChessBase"]
[SourceQuality "1"]
[TimeControl "900+10"]

1. Nf3 c5 2. g3 Nc6 3. d4 cxd4 4. Nxd4 g6 5. Bg2 Bg7 6. Nxc6 bxc6 7. O-O Nf6 8. c4 O-O 9. Qc2 d5 10. Nd2 Rb8 11. Rb1 Qa5 12. a3 Rd8 13. b4 Qa6 14. e4 Be6 15. Nb3 Nxe4 16. b5 Qa4 17. bxc6 Qxc6 18. Na5 Qa6 19. Rxb8 Rxb8 20. cxd5 Bxd5 21. Bxe4 Qxa5 22. Bxd5 Qxd5 23. Be3 a6 24. Rd1 Qb7 25. Qa4 h5 26. Rd7 Qf3 27. Qd1 Qxd1+ 28. Rxd1 Rc8 29. Rd5 Bc3 30. Bd4 e6 31. Rd6 Bxd4 32. Rxd4 Rc5 33. Kg2 Kg7 34. h4 Kf6 35. Ra4 a5 36. Rd4 Ke7 37. a4 e5 38. Re4 Ke6 39. g4 Kd5 40. Re2 hxg4 0-1

[Event "Kurnosov Memorial Rapid 2019"]
[Site "Chelyabinsk"]
[Date "2019.09.06"]
[Round "3.5"]
[White "Bocharov, Ivan"]
[Black "Khusenkhojaev, Muhammad"]
[Result "0-1"]
[ECO "A16"]
[WhiteElo "2557"]
[BlackElo "2450"]
[Annotator "ChessBase"]
[PlyCount "106"]
[EventDate "2019.09.06"]
[EventType "swiss"]
[EventCountry "RUS"]
[SourceTitle "playchess.com"]
[Source "ChessBase"]
[SourceQuality "1"]
[TimeControl "900+10"]

1. c4 Nf6 2. Nc3 d5 3. cxd5 Nxd5 4. Nf3 g6 5. h4 Bg7 6. h5 Nc6 7. h6 Bf6 8. Ne4 e5 9. Nxf6+ Qxf6 10. d3 Qe7 11. Qb3 Nb6 12. Be3 Be6 13. Qc2 Nb4 14. Qd2 f6 15. a3 N4d5 16. Rc1 Nxe3 17. Qxe3 Nd5 18. Qe4 O-O-O 19. g3 Kb8 20. Bh3 Bxh3 21. Rxh3 Rhe8 22. g4 Nf4 23. Rg3 Qf8 24. g5 f5 25. Qc4 Qe7 26. Nd2 Ne6 27. Nf3 Nf4 28. Nd2 Qd6 29. Qc5 Qd7 30. Nf3 e4 31. Ne5 Qe7 32. d4 Qxc5 33. Rxc5 Rxd4 34. Rb3 Kc8 35. e3 Rd5 36. Rxd5 Nxd5 37. Nc4 Re6 38. f4 Rc6 39. Ne5 Rc2 40. a4 a6 41. a5 c5 42. Kd1 Rh2 43. Nc4 Kc7 44. Kc1 Nb4 45. Kd1 Kc6 46. Ne5+ Kb5 47. Nd7 c4 48. Ra3 Nd3 49. Rc3 Nxb2+ 50. Kc1 Nd3+ 51. Kb1 Kb4 52. Rc2 Rxc2 53. Kxc2 c3 0-1

[Event "Kurnosov Memorial Rapid 2019"]
[Site "Chelyabinsk"]
[Date "2019.09.06"]
[Round "3.6"]
[White "Shaposhnikov, Evgeny"]
[Black "Lobanov, Sergei"]
[Result "1/2-1/2"]
[ECO "A20"]
[WhiteElo "2572"]
[BlackElo "2515"]
[Annotator "ChessBase"]
[PlyCount "108"]
[EventDate "2019.09.06"]
[EventType "swiss"]
[EventCountry "RUS"]
[SourceTitle "playchess.com"]
[Source "ChessBase"]
[SourceQuality "1"]
[TimeControl "900+10"]

1. c4 e5 2. g3 Nf6 3. Bg2 c6 4. Nf3 e4 5. Nd4 d5 6. cxd5 Qxd5 7. Nc2 Qh5 8. h3 Bd6 9. Nc3 Qg6 10. Ne3 O-O 11. b3 Na6 12. Bb2 Nc5 13. Qc2 Re8 14. b4 Ncd7 15. a3 a5 16. bxa5 Nc5 17. Na4 Nxa4 18. Qxa4 Bc7 19. Bc3 h5 20. O-O h4 21. g4 Nxg4 22. hxg4 Bxg4 23. f4 Bxe2 24. Rf2 Bb5 25. Qd1 h3 26. Kh1 hxg2+ 27. Rxg2 Qh6+ 28. Kg1 Bxa5 29. Bxg7 Qxg7 30. Rxg7+ Kxg7 31. Qg4+ Kf6 32. Kf2 Bd3 33. Rh1 Bxd2 34. Rh7 Bxe3+ 35. Kxe3 Bc4 36. Qg5+ Ke6 37. Qc5 Bd5 38. Rh5 Kd7 39. f5 Kc7 40. Rh6 Rad8 41. a4 b6 42. Qb4 Ra8 43. Qd6+ Kb7 44. Rh2 Rh8 45. Rb2 Rxa4 46. Qd7+ Ka6 47. Qc7 Rh3+ 48. Kf4 e3+ 49. Kg5 b5 50. Rc2 Rhh4 51. Qc8+ Ka5 52. Qc7+ Ka6 53. Qc8+ Ka5 54. Qc7+ Ka6 1/2-1/2

[Event "Kurnosov Memorial Rapid 2019"]
[Site "Chelyabinsk"]
[Date "2019.09.06"]
[Round "3.7"]
[White "Yudin, Sergei"]
[Black "Kabanov, Nikolai"]
[Result "1-0"]
[ECO "C44"]
[WhiteElo "2494"]
[BlackElo "2455"]
[Annotator "ChessBase"]
[PlyCount "79"]
[EventDate "2019.09.06"]
[EventType "swiss"]
[EventCountry "RUS"]
[SourceTitle "playchess.com"]
[Source "ChessBase"]
[SourceQuality "1"]
[TimeControl "900+10"]

1. e4 e5 2. Nf3 Nf6 3. d3 Nc6 4. Nbd2 d5 5. Be2 Bc5 6. O-O O-O 7. c3 a5 8. h3 Re8 9. Re1 a4 10. Qc2 h6 11. exd5 Nxd5 12. Ne4 Ba7 13. Bd2 f5 14. Ng3 f4 15. Ne4 Bf5 16. b4 axb3 17. axb3 Qd7 18. Bf1 Kh8 19. b4 b5 20. Qb3 Nde7 21. Ra3 Bb6 22. Rea1 Rad8 23. Be1 Ng6 24. Ra6 Qe7 25. Nc5 Nb8 26. Ra8 Nd7 27. Rxd8 Rxd8 28. d4 e4 29. Nh2 Nh4 30. f3 e3 31. Bxb5 Bxc5 32. bxc5 Qg5 33. Ng4 Rb8 34. Qa4 Nf6 35. Bf1 Nxf3+ 36. gxf3 h5 37. Qa2 hxg4 38. hxg4 g6 39. Qh2+ Kg7 40. Bh4 1-0

[Event "Kurnosov Memorial Rapid 2019"]
[Site "Chelyabinsk"]
[Date "2019.09.06"]
[Round "3.9"]
[White "Potapov, Pavel"]
[Black "Matveev, Vladimir"]
[Result "0-1"]
[ECO "B09"]
[WhiteElo "2496"]
[BlackElo "2372"]
[Annotator "ChessBase"]
[PlyCount "102"]
[EventDate "2019.09.06"]
[EventType "swiss"]
[EventCountry "RUS"]
[SourceTitle "playchess.com"]
[Source "ChessBase"]
[SourceQuality "1"]
[TimeControl "900+10"]

1. e4 d6 2. d4 g6 3. Nc3 Bg7 4. f4 Nf6 5. Nf3 c5 6. e5 Nfd7 7. exd6 O-O 8. Be3 exd6 9. Qd2 Nc6 10. O-O-O Re8 11. Bf2 a6 12. h4 Qa5 13. h5 Nf6 14. h6 Bh8 15. Kb1 Bg4 16. Be2 Ne4 17. Nxe4 Rxe4 18. Qxa5 Nxa5 19. Bd3 Rxf4 20. dxc5 dxc5 21. Bxc5 Rxf3 22. gxf3 Bxf3 23. Rhf1 Bxd1 24. Rxd1 Re8 25. a4 Bf6 26. b4 Nc6 27. Bc4 Ne5 28. Bb3 Bg5 29. Rh1 Be7 30. Bxe7 Rxe7 31. Rd1 Kf8 32. c4 Rd7 33. Re1 Nd3 34. Rd1 Ke7 35. b5 Nc5 36. Re1+ Kf6 37. Bc2 Rd4 38. bxa6 bxa6 39. Re8 Rxc4 40. Rh8 Nxa4 41. Rxh7 Nc5 42. Rh8 Rh4 43. Kb2 a5 44. Rc8 Ne6 45. Rh8 Kg5 46. Rh7 f5 47. Re7 Nd4 48. Bd1 Kxh6 49. Ra7 Rh2+ 50. Kc1 Ra2 51. Kb1 Nb5 0-1

[Event "Kurnosov Memorial Rapid 2019"]
[Site "Chelyabinsk"]
[Date "2019.09.06"]
[Round "3.10"]
[White "Urazayev, Arystanbek"]
[Black "Romanov, Evgeny"]
[Result "0-1"]
[ECO "C60"]
[WhiteElo "2442"]
[BlackElo "2579"]
[Annotator "RC"]
[PlyCount "156"]
[EventDate "2019.09.06"]
[EventType "swiss"]
[EventCountry "RUS"]
[SourceTitle "playchess.com"]
[Source "ChessBase"]
[SourceQuality "1"]
[TimeControl "900+10"]

1. e4 e5 2. Nf3 Nc6 3. Bb5 g6 4. d4 exd4 5. Bg5 Be7 6. Bxe7 Qxe7 7. Bxc6 dxc6 8. Qxd4 Nf6 9. Nc3 Bg4 10. Nd2 c5 11. Qe3 O-O-O 12. h3 Bd7 13. O-O-O Bc6 14. f3 b6 15. Qg5 h6 16. Qg3 Nh5 17. Qf2 Nf4 18. Kb1 h5 19. h4 Ne6 20. Nc4 Nd4 21. Ne3 f5 22. Ned5 Qd6 23. Rhe1 fxe4 24. fxe4 Rhf8 25. Qe3 Qe5 26. a4 a5 27. Qg5 Qxg5 28. hxg5 Rf2 29. Rf1 Rdf8 30. Rxf2 Rxf2 31. Ne7+ Kb7 32. Nxg6 Rxg2 33. Nf4 Rxg5 34. Rh1 Rg4 35. Nxh5 Bxe4 36. Nxe4 Rxe4 37. Nf6 Re2 38. c3 Nb3 39. Ka2 c4 40. Nd5 Kc6 41. Nf4 Rf2 42. Ne6 Kd7 43. Re1 c6 44. Ka3 Rd2 45. Ng5 Rg2 46. Nf3 Kd6 47. Rd1+ Kc7 48. Nd4 Nc5 49. Rh1 Nd3 50. Rh7+ Kd6 51. Rh6+ Kd5 52. Rh5+ Ke4 53. Nxc6 Rg1 54. Rh4+ Kd5 55. Ne7+ Ke6 56. Re4+ Kd7 57. Rxc4 Kxe7 58. Re4+ Kf7 59. b4 Rb1 60. Ka2 Rb2+ 61. Ka3 Rf2 62. Kb3 Rf5 63. Kc4 Nf4 64. Kb3 Ne6 65. Rh4 Ke7 66. Rh7+ Kd6 67. Kc4 Kc6 68. b5+ Kd6 69. Rh6 Rf4+ 70. Kb3 Ke5 71. Ka3 Kd5 72. Rh5+ Kc4 73. Rh6 Re4 74. Kb2 Re2+ 75. Ka3 Kxc3 76. Rh3+ Kd4 77. Rh4+ Re4 78. Rh8 Nc5 0-1

[Event "Kurnosov Memorial Rapid 2019"]
[Site "Chelyabinsk"]
[Date "2019.09.06"]
[Round "4.2"]
[White "Khusenkhojaev, Muhammad"]
[Black "Movsesian, Sergei"]
[Result "0-1"]
[ECO "D02"]
[WhiteElo "2450"]
[BlackElo "2654"]
[Annotator "RC"]
[PlyCount "70"]
[EventDate "2019.09.06"]
[EventType "swiss"]
[EventCountry "RUS"]
[SourceTitle "playchess.com"]
[Source "ChessBase"]
[SourceQuality "1"]
[TimeControl "900+10"]

1. Nf3 d5 2. d4 Nf6 3. c4 e6 4. g3 Bb4+ 5. Bd2 a5 6. Qc2 dxc4 7. Qxc4 b6 8. Bg2 Ba6 9. Qc2 O-O 10. Nc3 Nc6 11. O-O Rc8 12. a3 Be7 13. Qa4 Qd7 14. Rfc1 Rfd8 15. e3 Qe8 16. Be1 h6 17. b4 axb4 18. Qxa6 bxc3 19. Rxc3 Nb4 20. Qe2 Nbd5 21. Rc2 c5 22. Rb1 cxd4 23. Nxd4 Bxa3 24. Rxc8 Rxc8 25. e4 Bc5 26. Nb5 Nc7 27. e5 Nxb5 28. exf6 Nd4 29. Qg4 g6 30. Bd2 h5 31. Qg5 Qd8 32. Be4 Nf5 33. Bb4 Qd4 34. Bxc5 Qxe4 35. Rxb6 Rxc5 0-1

[Event "Kurnosov Memorial Rapid 2019"]
[Site "Chelyabinsk"]
[Date "2019.09.06"]
[Round "4.3"]
[White "Bocharov, Dmitry"]
[Black "Drygalov, Sergey"]
[Result "1-0"]
[ECO "A20"]
[WhiteElo "2519"]
[BlackElo "2487"]
[Annotator "ChessBase"]
[PlyCount "69"]
[EventDate "2019.09.06"]
[EventType "swiss"]
[EventCountry "RUS"]
[SourceTitle "playchess.com"]
[Source "ChessBase"]
[SourceQuality "1"]
[TimeControl "900+10"]

1. c4 e5 2. d3 Nc6 3. Nf3 g6 4. Nc3 Bg7 5. g3 Nge7 6. Bg2 O-O 7. O-O Nd4 8. Nd2 c6 9. b3 d5 10. Ba3 dxc4 11. Nxc4 Be6 12. e3 Ndf5 13. Ne4 Bd5 14. Rc1 b6 15. Qd2 a5 16. Bb2 f6 17. f4 b5 18. fxe5 bxc4 19. exf6 Bh6 20. fxe7 Qxe7 21. Rce1 cxd3 22. Qxd3 Rae8 23. Nf6+ Rxf6 24. Bxf6 Bxe3+ 25. Rxe3 Qxe3+ 26. Qxe3 Nxe3 27. Bxd5+ Nxd5 28. Bg5 a4 29. bxa4 Ra8 30. Bh6 Nb6 31. Rf6 Nd7 32. Rxc6 Kf7 33. Rc4 Nb6 34. Rc7+ Ke6 35. Rc6+ 1-0

[Event "Kurnosov Memorial Rapid 2019"]
[Site "Chelyabinsk"]
[Date "2019.09.06"]
[Round "4.4"]
[White "Matveev, Vladimir"]
[Black "Yudin, Sergei"]
[Result "1-0"]
[ECO "D30"]
[WhiteElo "2372"]
[BlackElo "2494"]
[Annotator "ChessBase"]
[PlyCount "37"]
[EventDate "2019.09.06"]
[EventType "swiss"]
[EventCountry "RUS"]
[SourceTitle "playchess.com"]
[Source "ChessBase"]
[SourceQuality "1"]
[TimeControl "900+10"]

1. d4 d5 2. c4 e6 3. Nf3 c6 4. Nbd2 Nf6 5. g3 Bd6 6. Bg2 O-O 7. O-O Nbd7 8. Qc2 Re8 9. e4 Nxe4 10. Nxe4 dxe4 11. Qxe4 e5 12. dxe5 Nxe5 13. Bd2 Bg4 14. Nxe5 Bxe5 15. Qxg4 Qxd2 16. Rad1 Qa5 17. Rd7 Rab8 18. Qf5 f6 19. Be4 1-0

[Event "Kurnosov Memorial Rapid 2019"]
[Site "Chelyabinsk"]
[Date "2019.09.06"]
[Round "4.5"]
[White "Romanov, Evgeny"]
[Black "Harutjunyan, Gevorg"]
[Result "1-0"]
[ECO "A20"]
[WhiteElo "2579"]
[BlackElo "2455"]
[Annotator "ChessBase"]
[PlyCount "49"]
[EventDate "2019.09.06"]
[EventType "swiss"]
[EventCountry "RUS"]
[SourceTitle "playchess.com"]
[Source "ChessBase"]
[SourceQuality "1"]
[TimeControl "900+10"]

1. c4 e5 2. d3 c6 3. Nf3 Nf6 4. Bg5 h6 5. Bh4 e4 6. dxe4 Qa5+ 7. Nfd2 Nxe4 8. e3 g5 9. Bg3 Bg7 10. Nc3 Nxc3 11. bxc3 Bxc3 12. Bd6 Na6 13. Qc2 Nc5 14. Rd1 b6 15. h4 Ba6 16. hxg5 hxg5 17. Rxh8+ Bxh8 18. Be2 O-O-O 19. Kf1 Re8 20. Bg4 Qa4 21. Qf5 Bxc4+ 22. Nxc4 Qxc4+ 23. Kg1 Re6 24. Bxc5 bxc5 25. Qxf7 1-0

[Event "Kurnosov Memorial Rapid 2019"]
[Site "Chelyabinsk"]
[Date "2019.09.06"]
[Round "4.7"]
[White "Akhtariev, Andrey"]
[Black "Drygalov, Andrey"]
[Result "0-1"]
[ECO "B92"]
[WhiteElo "2160"]
[BlackElo "2499"]
[Annotator "ChessBase"]
[PlyCount "50"]
[EventDate "2019.09.06"]
[EventType "swiss"]
[EventCountry "RUS"]
[SourceTitle "playchess.com"]
[Source "ChessBase"]
[SourceQuality "1"]
[TimeControl "900+10"]

1. e4 c5 2. Nf3 d6 3. d4 cxd4 4. Nxd4 Nf6 5. Nc3 a6 6. Be2 e5 7. Nb3 Be7 8. Qd3 Be6 9. Nd5 Nbd7 10. Be3 Bxd5 11. exd5 O-O 12. O-O Ne8 13. f3 Bg5 14. Bf2 f5 15. Rad1 g6 16. a4 Nef6 17. a5 Re8 18. Qc3 Rc8 19. Qb4 Rxc2 20. Bd3 Rxb2 21. Qa3 Rxf2 22. Kxf2 e4 23. fxe4 Ng4+ 24. Kg1 Be3+ 25. Kh1 Qh4 0-1

[Event "Kurnosov Memorial Rapid 2019"]
[Site "Chelyabinsk"]
[Date "2019.09.06"]
[Round "4.8"]
[White "Sivuk, Vitaly"]
[Black "Remizov, Yaroslav"]
[Result "1/2-1/2"]
[ECO "D31"]
[WhiteElo "2559"]
[BlackElo "2354"]
[Annotator "ChessBase"]
[PlyCount "112"]
[EventDate "2019.09.06"]
[EventType "swiss"]
[EventCountry "RUS"]
[SourceTitle "playchess.com"]
[Source "ChessBase"]
[SourceQuality "1"]
[TimeControl "900+10"]

1. d4 d5 2. c4 e6 3. Nc3 c6 4. e4 dxe4 5. Nxe4 Bb4+ 6. Bd2 Qxd4 7. Bxb4 Qxe4+ 8. Ne2 Na6 9. Bf8 Ne7 10. Bxg7 Rg8 11. Bc3 Nc5 12. Qd4 b6 13. O-O-O Ba6 14. Ng3 Qxd4 15. Bxd4 Rd8 16. Bxc5 bxc5 17. Ne4 Rxd1+ 18. Kxd1 Kd8 19. Nxc5 Bc8 20. g3 Kc7 21. Bd3 f5 22. f4 h5 23. Ke2 Kd6 24. b4 h4 25. Kf3 Ng6 26. Rd1 Ke7 27. Be2 e5 28. fxe5 Nxe5+ 29. Kf2 Ng4+ 30. Bxg4 Rxg4 31. Rc1 f4 32. gxf4 Rxf4+ 33. Ke3 Rg4 34. Rc2 Bf5 35. Rf2 Bg6 36. Rf4 Rxf4 37. Kxf4 Bf7 38. Ke5 Bxc4 39. a3 h3 40. Ne4 Kd7 41. Kd4 Bf1 42. Kc5 Bg2 43. Ng5 Kc7 44. Ne6+ Kb7 45. a4 a5 46. b5 cxb5 47. Kxb5 Bf1+ 48. Kxa5 Kc6 49. Kb4 Kd5 50. Nc7+ Ke4 51. a5 Kf3 52. Nb5 Bxb5 53. Kxb5 Kg2 54. a6 Kxh2 55. a7 Kg1 56. a8=Q h2 1/2-1/2

[Event "Kurnosov Memorial Rapid 2019"]
[Site "Chelyabinsk"]
[Date "2019.09.07"]
[Round "5.2"]
[White "Drygalov, Andrey"]
[Black "Bocharov, Dmitry"]
[Result "1/2-1/2"]
[ECO "C84"]
[WhiteElo "2499"]
[BlackElo "2519"]
[Annotator "ChessBase"]
[PlyCount "93"]
[EventDate "2019.09.06"]
[EventType "swiss"]
[EventCountry "RUS"]
[SourceTitle "playchess.com"]
[Source "ChessBase"]
[SourceQuality "1"]
[TimeControl "900+10"]

1. e4 e5 2. Nf3 Nc6 3. Bb5 a6 4. Ba4 Nf6 5. O-O Be7 6. d3 b5 7. Bb3 O-O 8. Nc3 d6 9. a3 Na5 10. Ba2 c5 11. b4 cxb4 12. axb4 Nc6 13. Nd5 Nxd5 14. Bxd5 Bb7 15. c3 Qd7 16. Be3 Bf6 17. Ra3 Ne7 18. Bxb7 Qxb7 19. Qb3 d5 20. Nd2 d4 21. cxd4 exd4 22. Bf4 Ng6 23. Bg3 Rfc8 24. Qa2 Rc3 25. Ra1 Rac8 26. Nb3 h5 27. Nc5 Qe7 28. Rxa6 h4 29. Bd6 Qe8 30. h3 Be5 31. Bxe5 Nxe5 32. Qd2 Nc6 33. Qb2 Ne5 34. R6a3 Rxa3 35. Rxa3 Qe7 36. Qxd4 Rd8 37. Qe3 Nc6 38. Qd2 Qe5 39. Ra6 Rd6 40. Ra2 Qd4 41. Qg5 Rd8 42. Nb7 Rb8 43. Qxb5 Nxb4 44. Ra4 Qc3 45. Rxb4 Qc1+ 46. Kh2 Qf4+ 47. Kg1 1/2-1/2

[Event "Kurnosov Memorial Rapid 2019"]
[Site "Chelyabinsk"]
[Date "2019.09.07"]
[Round "5.3"]
[White "Belyakov, Bogdan"]
[Black "Romanov, Evgeny"]
[Result "1/2-1/2"]
[ECO "C15"]
[WhiteElo "2495"]
[BlackElo "2579"]
[Annotator "ChessBase"]
[PlyCount "68"]
[EventDate "2019.09.06"]
[EventType "swiss"]
[EventCountry "RUS"]
[SourceTitle "playchess.com"]
[Source "ChessBase"]
[SourceQuality "1"]
[TimeControl "900+10"]

1. e4 e6 2. d4 d5 3. Nc3 Bb4 4. Nge2 Nc6 5. a3 Ba5 6. e5 f6 7. exf6 Qxf6 8. Bf4 Bxc3+ 9. bxc3 Nge7 10. Bxc7 O-O 11. f4 Nf5 12. Qd3 Bd7 13. g3 Rac8 14. Be5 Nxe5 15. dxe5 Qe7 16. Bh3 Rc4 17. Bxf5 Rxf5 18. O-O Qc5+ 19. Rf2 Rf8 20. Rb1 b5 21. Rb3 a5 22. Kg2 Rc8 23. Rf3 Be8 24. Nd4 Bg6 25. f5 exf5 26. Rxb5 Qxa3 27. Nxf5 Rxc3 28. Qxd5+ Kh8 29. Qd7 Rxc2+ 30. Kh3 Bxf5+ 31. Qxf5 Qa2 32. Qf8+ Qg8 33. Qxg8+ Kxg8 34. Rxa5 Re2 1/2-1/2

[Event "Kurnosov Memorial Rapid 2019"]
[Site "Chelyabinsk"]
[Date "2019.09.07"]
[Round "5.7"]
[White "Kostenko, Petr"]
[Black "Sivuk, Vitaly"]
[Result "1/2-1/2"]
[ECO "A17"]
[WhiteElo "2472"]
[BlackElo "2559"]
[Annotator "ChessBase"]
[PlyCount "75"]
[EventDate "2019.09.06"]
[EventType "swiss"]
[EventCountry "RUS"]
[SourceTitle "playchess.com"]
[Source "ChessBase"]
[SourceQuality "1"]
[TimeControl "900+10"]

1. c4 e6 2. Nc3 Nf6 3. Nf3 d5 4. e3 dxc4 5. Bxc4 a6 6. b3 c5 7. Bb2 b5 8. Be2 Bb7 9. O-O Be7 10. a4 b4 11. Nb1 O-O 12. Qc2 Nbd7 13. g3 Rc8 14. d3 Rc7 15. Nbd2 Qa8 16. e4 Rd8 17. Nc4 Ne8 18. Nfe5 Qa7 19. f4 f6 20. Nxd7 Rcxd7 21. Rad1 a5 22. Bg4 Nc7 23. f5 e5 24. Be2 Ne8 25. g4 Nd6 26. g5 Nxc4 27. dxc4 Rxd1 28. Rxd1 Rxd1+ 29. Bxd1 Qa8 30. Bf3 Qd8 31. g6 h6 32. Kf2 Qd6 33. Bc1 Bc6 34. Be3 Bf8 35. Be2 Bb7 36. Bd3 Bc6 37. Ke2 Bb7 38. Qd1 1/2-1/2

[Event "Kurnosov Memorial Rapid 2019"]
[Site "Chelyabinsk"]
[Date "2019.09.07"]
[Round "5.8"]
[White "Yakovich, Yuri"]
[Black "Meister, Jakob"]
[Result "1-0"]
[ECO "E00"]
[WhiteElo "2518"]
[BlackElo "2410"]
[Annotator "ChessBase"]
[PlyCount "85"]
[EventDate "2019.09.06"]
[EventType "swiss"]
[EventCountry "RUS"]
[SourceTitle "playchess.com"]
[Source "ChessBase"]
[SourceQuality "1"]
[TimeControl "900+10"]

1. d4 e6 2. c4 Bb4+ 3. Bd2 Bxd2+ 4. Qxd2 Nf6 5. Nc3 d5 6. e3 O-O 7. Nf3 Qe7 8. Rc1 Rd8 9. cxd5 exd5 10. Bd3 c6 11. O-O Nbd7 12. a3 a5 13. h3 Ne4 14. Qc2 f5 15. Na4 Rf8 16. Nd2 Qg5 17. f4 Qd8 18. Nf3 Kh8 19. Kh2 Ndf6 20. Ne5 Nh5 21. Qd1 g6 22. Qe1 Be6 23. Nc5 Qe7 24. Rg1 Nxc5 25. Rxc5 a4 26. g4 Ng7 27. Rc2 Kg8 28. g5 Bf7 29. h4 Be8 30. Be2 Ne6 31. h5 c5 32. dxc5 Rc8 33. Bf3 d4 34. Bd5 Rd8 35. Bc4 Kh8 36. hxg6 Bxg6 37. Nxg6+ hxg6 38. Qh4+ Kg8 39. Qh6 Qf7 40. Kg3 Rfe8 41. Rh1 Qg7 42. Rch2 Qxh6 43. Rxh6 1-0

[Event "Kurnosov Memorial Rapid 2019"]
[Site "Chelyabinsk"]
[Date "2019.09.07"]
[Round "5.10"]
[White "Stupak, Kirill"]
[Black "Lobanov, Sergei"]
[Result "0-1"]
[ECO "D78"]
[WhiteElo "2551"]
[BlackElo "2515"]
[Annotator "ChessBase"]
[PlyCount "70"]
[EventDate "2019.09.06"]
[EventType "swiss"]
[EventCountry "RUS"]
[SourceTitle "playchess.com"]
[Source "ChessBase"]
[SourceQuality "1"]
[TimeControl "900+10"]

1. d4 Nf6 2. g3 d5 3. Nf3 g6 4. Bg2 Bg7 5. O-O O-O 6. c4 c6 7. b3 Bf5 8. Bb2 a5 9. Nbd2 a4 10. e3 Nbd7 11. Nh4 Bd3 12. Re1 Qb6 13. Qc1 Qa5 14. Nhf3 b5 15. b4 Qxb4 16. Ba3 Qa5 17. Bxe7 Rfe8 18. Bxf6 Nxf6 19. c5 Ne4 20. Nxe4 Bxe4 21. Nd2 Bf5 22. h3 b4 23. Bf1 h5 24. Nf3 Reb8 25. Nd2 Ra7 26. Kh2 Qc7 27. Qb2 h4 28. Kg2 hxg3 29. fxg3 Qe7 30. Rac1 Qg5 31. g4 Re7 32. Kf2 Qh4+ 33. Kg1 Qg3+ 34. Bg2 Rxe3 35. Nf1 Rxe1 0-1

[Event "Kurnosov Memorial Rapid 2019"]
[Site "Chelyabinsk"]
[Date "2019.09.07"]
[Round "6.2"]
[White "Romanov, Evgeny"]
[Black "Mirzoev, Azer"]
[Result "1/2-1/2"]
[ECO "D03"]
[WhiteElo "2579"]
[BlackElo "2502"]
[Annotator "ChessBase"]
[PlyCount "43"]
[EventDate "2019.09.06"]
[EventType "swiss"]
[EventCountry "RUS"]
[SourceTitle "playchess.com"]
[Source "ChessBase"]
[SourceQuality "1"]
[TimeControl "900+10"]

1. d4 d5 2. Nf3 Nf6 3. Bg5 e6 4. e3 h6 5. Bh4 Be7 6. Bd3 O-O 7. Nbd2 c5 8. c3 b6 9. O-O Ba6 10. Bxa6 Nxa6 11. Ne5 Nb8 12. f4 Nfd7 13. Bxe7 Qxe7 14. Ndf3 Nxe5 15. Nxe5 Nd7 16. Qa4 Nf6 17. f5 Ne4 18. Rf4 exf5 19. Rxf5 Qe6 20. Raf1 Nd6 21. R5f3 Nc4 22. Nxc4 1/2-1/2

[Event "Kurnosov Memorial Rapid 2019"]
[Site "Chelyabinsk"]
[Date "2019.09.07"]
[Round "6.7"]
[White "Galliamova, Alisa"]
[Black "Yudin, Sergei"]
[Result "0-1"]
[ECO "D02"]
[WhiteElo "2388"]
[BlackElo "2494"]
[Annotator "ChessBase"]
[PlyCount "88"]
[EventDate "2019.09.06"]
[EventType "swiss"]
[EventCountry "RUS"]
[SourceTitle "playchess.com"]
[Source "ChessBase"]
[SourceQuality "1"]
[TimeControl "900+10"]

1. d4 d5 2. Nf3 c6 3. e3 Bf5 4. Bd3 Bg6 5. O-O Nf6 6. b3 e6 7. Ne5 Nbd7 8. Nxg6 hxg6 9. Nd2 e5 10. dxe5 Nxe5 11. Be2 Bd6 12. h3 Qe7 13. Bb2 O-O-O 14. Nf3 Ne4 15. Nxe5 Bxe5 16. Bxe5 Qxe5 17. Qd4 Qxd4 18. exd4 Rde8 19. Bd3 Kc7 20. f3 Nd6 21. Rfe1 g5 22. Kf2 b6 23. Rxe8 Rxe8 24. Rh1 c5 25. dxc5 bxc5 26. h4 Rh8 27. h5 Kc6 28. g4 a5 29. Re1 Re8 30. Rxe8 Nxe8 31. f4 f6 32. Ke3 Nd6 33. c3 c4 34. Be2 Kc5 35. fxg5 fxg5 36. Bf3 Nb5 37. b4+ Kd6 38. bxa5 Nxc3 39. a4 Kc5 40. a6 d4+ 41. Kd2 Kb6 42. Bg2 Nxa4 43. Bf1 c3+ 44. Kc2 Nc5 0-1

[Event "Kurnosov Memorial Rapid 2019"]
[Site "Chelyabinsk"]
[Date "2019.09.07"]
[Round "6.8"]
[White "Pridorozhni, Aleksei"]
[Black "Urazayev, Arystanbek"]
[Result "1/2-1/2"]
[ECO "C77"]
[WhiteElo "2599"]
[BlackElo "2442"]
[Annotator "ChessBase"]
[PlyCount "98"]
[EventDate "2019.09.06"]
[EventType "swiss"]
[EventCountry "RUS"]
[SourceTitle "playchess.com"]
[Source "ChessBase"]
[SourceQuality "1"]
[TimeControl "900+10"]

1. e4 e5 2. Nf3 Nc6 3. Bb5 a6 4. Ba4 Nf6 5. Bxc6 dxc6 6. d3 Bd6 7. Nbd2 O-O 8. b3 c5 9. Bb2 Re8 10. Nc4 Nd7 11. a4 b6 12. O-O f6 13. Nh4 Nf8 14. Nf5 Ne6 15. g3 Bf8 16. f4 exf4 17. gxf4 Nd4 18. Nxd4 cxd4 19. f5 Bb7 20. Qh5 Qd7 21. Rf3 Rad8 22. Rh3 h6 23. Rg3 Kh8 24. Nd2 Re7 25. Nf3 Qe8 26. Qh3 Bxe4 27. dxe4 Rxe4 28. Nh4 d3 29. Ng6+ Kg8 30. cxd3 Bc5+ 31. d4 Rdxd4 32. Bxd4 Bxd4+ 33. Kf1 Bxa1 34. Qh5 Re1+ 35. Kg2 Bd4 36. Kh3 Re3 37. Qg4 Rxg3+ 38. hxg3 c5 39. Qf3 Kh7 40. Nf4 Qe1 41. Ne6 Be5 42. Nf8+ Kg8 43. Ne6 Kh7 44. Nf8+ Kg8 45. Ng6 Kh7 46. Nf8+ Kg8 47. Ng6 Kh7 48. Nf8+ Kg8 49. Ng6 Kh7 1/2-1/2

[Event "Kurnosov Memorial Rapid 2019"]
[Site "Chelyabinsk"]
[Date "2019.09.07"]
[Round "6.9"]
[White "Kotsur, Pavel"]
[Black "Shcherbin, Matvei"]
[Result "1-0"]
[ECO "B40"]
[WhiteElo "2528"]
[BlackElo "2324"]
[Annotator "ChessBase"]
[PlyCount "53"]
[EventDate "2019.09.06"]
[EventType "swiss"]
[EventCountry "RUS"]
[SourceTitle "playchess.com"]
[Source "ChessBase"]
[SourceQuality "1"]
[TimeControl "900+10"]

1. e4 c5 2. Nf3 e6 3. d4 cxd4 4. Nxd4 Bc5 5. Nb3 Bb6 6. Bd3 Ne7 7. O-O O-O 8. N1d2 Nbc6 9. Nc4 Bc7 10. Ne3 Ne5 11. Be2 f5 12. f4 N5g6 13. e5 d6 14. exd6 Bxd6 15. g3 e5 16. Nc4 Bc7 17. Qxd8 Rxd8 18. fxe5 Nxe5 19. Nxe5 Bxe5 20. Bc4+ Kf8 21. c3 b6 22. Bg5 h6 23. Be3 Nd5 24. Bf2 Nc7 25. Rae1 Bf6 26. Bd4 Be7 27. Bxg7+ {[%emt 0:00:09] Bf6} 1-0